 Dungeon Crawl Stone Soup version 0.24-a0-715-g0b739ee41d (webtiles) character file.

Game seed: 5732463848568567073, levelgen mode: deterministic

322 DasRunzen the Covered (level 6, -3/38 HPs)
             Began as a Tengu Fighter on Sept 30, 2019.
             Was an Initiate of Okawaru.
             Slain by Menkaure (18 damage)
             ... on level 5 of the Dungeon.
             The game lasted 00:09:14 (3598 turns).

DasRunzen the Covered (Tengu Fighter)               Turns: 3598, Time: 00:09:15

Health: -3/38      AC:  7    Str: 16    XL:     6   Next: 47%
Magic:  7/7        EV:  8    Int:  8    God:    Okawaru [......]
Gold:   64         SH:  9    Dex: 16    Spells: 5/5 levels left

rFire    . . .     SeeInvis .   a - +1 long sword
rCold    . . .     Gourm    .   c - +0 shield
rNeg     . . .     Faith    .   b - +0 scale mail
rPois    .         Spirit   .   (helmet restricted)
rElec    .         Reflect  .   (no cloak)
rCorr    .         Harm     .   (no gloves)
MR       +....                  (boots unavailable)
Stlth    ..........             (no amulet)
HPRegen  0.12/turn              m - ring of protection from magic
MPRegen  0.10/turn              (no ring)

@: no status effects
A: beak, talons 3, able to fly
a: Fly, Renounce Religion


You were on level 5 of the Dungeon.
You worshipped Okawaru.
Okawaru was noncommittal.
You were not hungry.

You visited 1 branch of the dungeon, and saw 5 of its levels.

You collected 64 gold pieces.

Inventory:

Hand Weapons
 a - a +1 long sword (weapon)
 s - a cursed -2 whip
Armour
 b - a +0 scale mail (worn)
 c - a +0 shield (worn)
Jewellery
 m - a ring of protection from magic (left hand)
Wands
 p - a wand of flame (26)
Scrolls
 g - 4 scrolls of teleportation
 k - 3 scrolls of remove curse
 u - a scroll of blinking
 w - a scroll of fear
Potions
 d - 2 potions of might
 e - a potion of heal wounds
 h - a potion of curing
 i - a potion of haste
 j - a potion of lignification
 l - a potion of cancellation
 n - a potion of agility
 v - a potion of magic
Comestibles
 f - 13 rations
 o - a chunk of flesh


   Skills:
 + Level 4.0 Fighting
 + Level 3.6 Long Blades
 + Level 4.4 Armour
 + Level 2.7 Dodging
 + Level 4.0 Shields
 + Level 1.1 Invocations


You had 5 spell levels left.
You didn't know any spells.
Your spell library contained the following spells:

 Spells                   Type           Power        Failure   Level  Hunger
 Confusing Touch          Hex            #.....       99%         1    ##.....
 Confuse                  Hex            #.......     100%        3    ####...
 Gell's Gravitas          Tloc           #.........   100%        3    ####...
 Petrify                  Tmut/Erth      #.......     100%        4    #####..
 Metabolic Englaciation   Hex/Ice        #.........   100%        5    ######.
 Yara's Violent Unravell  Hex/Tmut       #.........   100%        5    ######.


Dungeon Overview and Level Annotations

Branches:
Dungeon (5/15)
 Temple: D:4-7

Altars:
Hepliaklqana
Okawaru
Ru
Xom
Zin

Annotations:
D:5 Menkaure


Innate Abilities, Weirdness & Mutations

You have a beak for a mouth.
You have claws for feet.
You can fly continuously.


Message History

Your peck misses the jackal. The jackal closely misses you.
The dart slug bites you but does no damage.
You slash the jackal!
You kill the jackal!
Okawaru accepts your kill. The dart slug barely misses you.
You riposte.
You hit the dart slug but do no damage. You claw the dart slug.
You peck the dart slug.
The dart slug is almost dead.
Menkaure hits you!!
Ouch! That really hurt!
You hit Menkaure. You claw Menkaure. You peck Menkaure, but do no damage.
Menkaure is heavily damaged.
Menkaure hits you. The dart slug launches a dart at you.
The slug dart misses you.
You hit Menkaure but do no damage. You claw Menkaure, but do no damage.
Menkaure is heavily damaged.
Menkaure hits you!!
You die...

######### #.......#
######## #.......#
#....... #.......#
#....... ..(.....#
####.......
#..>....######..........
......M@†............>.#
.......w######.###.###.#
.#####.## #.# #...#.# #.
#.# ###.#<# #.
#.#####.#.# ##
#.........# ..........#
#.......... #........##


You could see Menkaure and a dart slug.

Vanquished Creatures
  A sky beast (D:4)
  An iguana (D:4)
  Jessica (D:2)
  An orc wizard (D:3)
  A gnoll (D:1)
  5 adders
  2 oozes
  A worm (D:2)
  3 dart slugs
  2 leopard geckos
  7 orcs
  4 giant cockroaches
  7 goblins
  5 hobgoblins
  8 jackals
  2 quokkas
  7 bats
  2 frilled lizards
  2 kobolds
  A quokka skeleton (D:2)
  7 rats
70 creatures vanquished.

Notes
Turn   | Place    | Note
-------+----------+-------------------------------------------
     0 | D:1      | DasRunzen the Tengu Fighter began the quest for the Orb.
     0 | D:1      | Reached XP level 1. HP: 14/14 MP: 2/2
    45 | D:1      | Reached XP level 2. HP: 5/19 MP: 3/3
   526 | D:1      | Reached skill level 1 in Dodging
   726 | D:1      | Reached XP level 3. HP: 23/23 MP: 4/4
   834 | D:2      | Found a hazy altar of Hepliaklqana.
  1058 | D:2      | Reached XP level 4. HP: 25/28 MP: 5/5
  1163 | D:2      | Noticed Jessica
  1171 | D:2      | Killed Jessica
  1446 | D:2      | Found a faded altar of an unknown god.
  1644 | D:3      | Gained mutation: You can fly continuously. [Tengu growth]
  1644 | D:3      | Reached XP level 5. HP: 18/32 MP: 6/6
  1979 | D:3      | HP: 1/33 [orc/+0 falchion (3)]
  2428 | D:3      | Found an iron altar of Okawaru.
  2433 | D:3      | Became a worshipper of Warmaster Okawaru
  2725 | D:4      | Found a shimmering altar of Xom.
  2725 | D:4      | Noticed an angel
  2808 | D:4      | Found a glowing silver altar of Zin.
  3082 | D:4      | Found a sacrificial altar of Ru.
  3230 | D:4      | Noticed a sky beast
  3238 | D:4      | Killed a sky beast
  3238 | D:4      | Reached skill level 1 in Invocations
  3238 | D:4      | Reached XP level 6. HP: 22/38 MP: 7/7
  3538 | D:5      | Entered Level 5 of the Dungeon
  3591 | D:5      | Noticed Menkaure
  3598 | D:5      | Slain by Menkaure

Levels and vault maps discovered:
D:1:      minmay_arrival_shattered_statue, layout_basic, roderic_serpentine_path
D:2:      minmay_alternating_diamond, layout_loops_ring, old_standard_altar,
          chequers_ecumenical_altar_island, uniq_jessica
D:3:      layout_basic, okawaru_metal_pillars_1_2
D:4:      layout_loops_corners, grunt_temple_overflow_order_and_chaos_1,
          nicolae_ru_the_path_less_chosen, first_ration
D:5:      layout_basic, nicolae_overflow_hidden_temple, dancing_weapons_uskayaw,
          nicolae_ossuary_entry_ruins, uniq_menkaure

Skill      XL: |  1  2  3  4  5 |
---------------+----------------+-----
Dodging        | 1 2 |  2.7
Long Blades    | 3 |  3.6
Armour         | 4 |  4.4
Fighting       | 4 |  4.0
Shields        | 4 |  4.0
Invocations    | 1 |  1.1

Action                   |  1- 3 |  4- 6 || total
-------------------------+-------+-------++-------
Melee: Long sword        |    70 |    96 ||   166
       Kick              |    17 |    22 ||    39
       Peck              |    12 |    16 ||    28
  Use: Scroll            |     9 |     9 ||    18
  Eat: Chunk             |       |     9 ||     9
Armor: Scale mail        |    31 |    41 ||    72
Dodge: Dodged            |    32 |    32 ||    64
Block: Shield            |    39 |    52 ||    91
       Rpst.: Long sword |    11 |    12 ||    23

Table legend:
 A = Non-vault XP
 B = Vault XP
 C = Vault XP percentage of total XP
 D = Non-vault monster count
 E = Vault monster count
 F = Vault count percentage of total count
                 A         B        C        D         E       F
            +---------+---------+-------+---------+---------+-------
      Total |     407 |      54 |  11.7 |      66 |       4 |   5.7
            +---------+---------+-------+---------+---------+-------
        D:1 |      35 |       0 |   0.0 |      15 |       0 |   0.0
        D:2 |      60 |      54 |  47.4 |      21 |       4 |  16.0
        D:3 |      77 |       0 |   0.0 |      15 |       0 |   0.0
        D:4 |     203 |       0 |   0.0 |       6 |       0 |   0.0
        D:5 |      32 |       0 |   0.0 |       9 |       0 |   0.0
            +---------+---------+-------+---------+---------+-------
